AoeStats
← Kendrick

Yucatan

503624414Analyzed
4v4 RM · 1mo ago on Sep 1, 2026· 59m 8s· 8 players
Game mode
Random Map
Map size
Large (8 player)
Population
200
Speed
Normal
Resources
Standard
Victory
Conquest
Starting age
Dark Age
Ending age
Imperial Age
RankedLock teamsTeams togetherTeam positionsShared explorationLock speedFull tech treeHidden civsTurbo modeCheats
Victory
Defeat
🇭🇰 Magyars · Hong Kong SAR China
1040
+11
🇭🇰 Wei · Hong Kong SAR China
961
+14
🇺🇸 Romans · United States
880
+18
🇭🇰 Franks · Hong Kong SAR China
719
+24
🇨🇳 Mongols · China
928
-17
🇨🇳 Goths · China
928
-17
🇨🇳 Poles · China
928
-17
896
-16
ryan199312
5:49 Loom
11:30 Feudal Age
17:47 Castle Age
19:30 Double-Bit Axe
39:05 Bow Saw
40:54 Elite Skirmisher
43:16 Wheelbarrow
43:31 Fishing Lines
44:58 Gillnets
48:06 Thumb Ring
48:44 Hand Cart
48:40 Padded Archer Armor
48:30 Fletching
49:48 Leather Archer Armor
49:38 Horse Collar
51:21 Bodkin Arrow
53:10 Scale Barding Armor
53:15 Forging
53:28 Town Watch
55:27 Iron Casting
55:12 Chain Barding Armor
58:08 Imperial Age
55:50 Crossbowman
57:30 Tuntian
58:26 Husbandry
57:46 Light Cavalry
58:37 Bloodlines
59:14 Conscription
59:22 Ming Guang Armor
59:28 Parthian Tactics
Akranon
0:39 Loom
11:46 Feudal Age
13:05 Double-Bit Axe
13:41 Fishing Lines
17:23 Castle Age
15:26 Gold Mining
15:42 Horse Collar
17:30 Stone Mining
18:45 Wheelbarrow
18:53 Gold Shaft Mining
18:40 Bow Saw
19:52 Hand Cart
22:52 Gillnets
24:26 Heavy Plow
24:50 Ballistas
25:46 Scale Mail Armor
30:42 Town Watch
32:28 Man-at-Arms
35:05 Devotion
35:27 Husbandry
35:38 Bloodlines
35:36 Scale Barding Armor
35:47 Chain Mail Armor
35:43 Forging
36:36 Caravan
39:14 Imperial Age
39:33 Heavy Scorpion
40:38 Conscription
41:16 Iron Casting
40:32 Fletching
42:40 Siege Engineers
43:36 Chemistry
42:57 Ballistics
42:59 Bodkin Arrow
42:55 Capped Ram
43:56 Siege Ram
44:48 Murder Holes
44:32 Long Swordsman
45:12 Squires
47:44 Elite Centurion
48:53 Comitatenses
48:19 Cavalier
50:40 Blast Furnace
50:37 Chain Barding Armor
53:03 Plate Barding Armor
54:00 Padded Archer Armor
54:20 Legionary
54:20 Pikeman
55:44 Crop Rotation
55:48 Masonry
55:30 Guard Tower
58:15 Leather Archer Armor
Kendrick
10:37 Feudal Age
16:15 Castle Age
14:20 Gold Mining
14:26 Double-Bit Axe
15:33 Wheelbarrow
23:40 Scale Barding Armor
31:29 Forging
33:41 Hand Cart
34:05 Bow Saw
34:22 Stone Mining
39:04 Imperial Age
37:21 Gold Shaft Mining
36:51 Caravan
37:50 Iron Casting
37:38 Husbandry
39:12 Chain Barding Armor
39:47 Ballistics
39:39 Masonry
39:06 Cavalier
40:12 Conscription
39:57 Chivalry
41:12 Paladin
43:10 Architecture
43:43 Chemistry
43:03 Siege Engineers
44:04 Blast Furnace
43:53 Plate Barding Armor
45:28 Fletching
46:53 Bodkin Arrow
46:59 Padded Archer Armor
46:59 Scale Mail Armor
Chuck
6:40 Loom
9:39 Feudal Age
11:12 Double-Bit Axe
18:45 Castle Age
18:00 Fletching
18:42 Gold Mining
19:35 Bodkin Arrow
23:14 Horse Collar
25:03 Padded Archer Armor
25:51 Bow Saw
29:21 Wheelbarrow
30:00 Heavy Plow
30:53 Stone Mining
31:43 Gold Shaft Mining
31:41 Hand Cart
32:01 Leather Archer Armor
32:13 Ballistics
33:59 Thumb Ring
34:11 Masonry
36:34 Imperial Age
36:38 Bloodlines
36:28 Husbandry
37:25 Bracer
38:28 Chemistry
36:52 Capped Ram
38:15 Parthian Tactics
39:55 Heavy Cavalry Archer
40:58 Siege Engineers
42:01 Two-Man Saw
40:49 Town Watch
42:25 Recurve Bow
43:35 Conscription
43:18 Corvinian Army
42:39 Elite Magyar Huszar
47:30 Scale Barding Armor
47:59 Ring Archer Armor
48:23 Scale Barding Armor
53:41 Chain Barding Armor
Quel Serrar
12:20 Feudal Age
12:54 Double-Bit Axe
13:01 Stone Mining
21:39 Castle Age
20:22 Horse Collar
20:49 Gold Mining
25:10 Heavy Plow
26:46 Light Cavalry
27:36 Bloodlines
27:26 Husbandry
27:37 Scale Barding Armor
27:42 Forging
32:50 Imperial Age
31:42 Bow Saw
32:25 Iron Casting
32:11 Chain Barding Armor
34:09 Crop Rotation
34:43 Wheelbarrow
35:11 Blast Furnace
33:34 Winged Hussar
34:42 Conscription
35:43 Lechitic Legacy
42:23 Hand Cart
John Farrell
1:41 Loom
11:48 Feudal Age
12:01 Man-at-Arms
12:36 Double-Bit Axe
14:24 Horse Collar
21:35 Castle Age
29:22 Bow Saw
33:47 Squires
36:06 Wheelbarrow
42:28 Imperial Age
39:47 Pikeman
41:42 Anarchy
42:02 Hand Cart
42:30 Halberdier
42:31 Long Swordsman
43:39 Perfusion
43:59 Conscription
44:23 Elite Huskarl
45:14 Scale Barding Armor
45:12 Scale Mail Armor
45:22 Forging
46:25 Two-Handed Swordsman
46:52 Champion
49:03 Heavy Plow
50:07 Two-Man Saw
49:04 Gold Mining
49:09 Stone Mining
49:08 Town Watch
50:20 Chain Mail Armor
50:41 Iron Casting
55:58 Blast Furnace
Khrushchev
14:57 Feudal Age
19:01 Castle Age
19:04 Bloodlines
18:46 Fletching
20:58 Double-Bit Axe
21:07 Gold Mining
21:15 Bodkin Arrow
21:21 Padded Archer Armor
21:24 Husbandry
24:27 Leather Archer Armor
28:43 Ballistics
31:02 Horse Collar
32:02 Nomads
33:25 Wheelbarrow
33:05 Heavy Plow
33:17 Bow Saw
32:59 Loom
39:26 Imperial Age
40:03 Onager
40:03 Elite Mangudai
41:03 Drill
41:03 Conscription
40:03 Elite Mangudai
41:04 Drill
41:04 Conscription
41:51 Hand Cart
42:28 Stone Mining
43:14 Gold Shaft Mining
44:38 Bracer
44:47 Thumb Ring
45:08 Parthian Tactics
46:37 Elite Mangudai
49:12 Chemistry
50:34 Siege Engineers
54:28 Pikeman
55:09 Squires
:::TIO NACHO ENGROSADOR:::
2:22 Loom
11:59 Feudal Age
12:32 Double-Bit Axe
12:29 Horse Collar
20:44 Wheelbarrow
20:12 Gold Mining
23:59 Castle Age
23:28 Stone Mining
24:29 Fletching
24:40 Padded Archer Armor
24:49 Heavy Plow
25:01 Bow Saw
26:10 Husbandry
26:49 Forging
31:20 Scale Barding Armor
32:23 Bloodlines
34:24 Iron Casting
35:21 Hand Cart
36:28 Gold Shaft Mining
36:49 Chain Barding Armor
36:30 Scale Mail Armor
41:54 Imperial Age
44:47 Blast Furnace
44:07 Squires
Connection lost

Rejoining the realm…

Still unreachable

The connection could not be restored.

Session expired

The server has moved on; the page needs a fresh start.